 Dungeon Crawl Stone Soup version 0.30-a0-918-g0ff054e9dc (webtiles) character file.

Game seed: 17994999945948477304

249 Lobster4 the Caller (level 6, -2/35 HPs)
             Began as a Tengu Summoner on Mar 20, 2023.
             Killed by divine providence
             ... invoked by an orc priest
              (12 damage)
             ... on level 3 of the Dungeon.
             The game lasted 00:13:55 (4174 turns).

Lobster4 the Caller (Tengu Summoner)                Turns: 4174, Time: 00:13:55

Health: -2/35      AC:  3    Str:  8    XL:     6   Next: 12%
Magic:  6/11       EV: 15    Int: 18    God:
Gold:   209        SH:  0    Dex: 14    Spells: 7/10 levels left

rFire   . . .      SeeInvis .    i - +0 short sword
rCold   . . .      Faith    .    (no shield)
rNeg    . . .      Spirit   .    a - +0 robe
rPois   .          Reflect  .    (helmet restricted)
rElec   .          Rampage  .    A - +0 cloak
rCorr   .                        (no gloves)
Will    .....                    (boots unavailable)
Stlth   ++                       (no amulet)
HPRegen 0.25/turn                (no ring)
MPRegen 0.12/turn                (no ring)

@: flying quickly and evasively, quick
A: beak, talons 3, nimble flight
a: no special abilities


You were on level 3 of the Dungeon.
You visited 1 branch of the dungeon, and saw 3 of its levels.

You collected 209 gold pieces.

Inventory:

Hand Weapons
 d - a +0 club
 f - a +0 dagger
 i - a +0 short sword (weapon)
 p - a +0 sling
Missiles
 c - 12 poisoned darts
 n - 3 boomerangs
Armour
 a - a +0 robe (worn)
 e - a +0 ring mail
 l - a +0 leather armour
 A - a +0 cloak (worn)
Magical Staves
 r - a staff of fire
Jewellery
 q - an amulet of faith
Wands
 h - a wand of iceblast (14)
Scrolls
 j - a scroll of brand weapon {unknown}
 k - a scroll of enchant armour {unknown}
 m - a scroll of fear {unknown}
 v - a scroll of fog {unknown}
 w - a scroll of butterflies {unknown}
 y - a scroll of vulnerability {unknown}
 z - a scroll of teleportation
Potions
 b - a potion of magic
 g - 3 potions of cancellation {unknown}
 o - a potion of ambrosia
 u - a potion of brilliance {unknown}
 x - 2 potions of curing


   Skills:
 + Level 1.8 Fighting
 + Level 1.9 Short Blades
 + Level 2.1 Armour
 + Level 3.2 Dodging
 - Level 2.0 Stealth
 + Level 2.7 Spellcasting
 * Level 6.3 Summonings


You had 7 spell levels left.
You knew the following spells:

 Your Spells              Type           Power      Damage    Failure   Level
a - Summon Small Mammal   Summ           100%       N/A       1%          1
b - Call Imp              Summ           25%        N/A       1%          2

Your spell library contained the following spells:

 Spells                   Type           Power      Damage    Failure   Level
 Call Canine Familiar     Summ           25%        N/A       3%          3
 Summon Guardian Golem    Hex/Summ       13%        N/A       14%         3
 Lesser Beckoning         Tloc           4%         N/A       26%         2
 Summon Lightning Spire   Summ/Air       13%        N/A       41%         4
 Gell's Gravitas          Tloc           2%         N/A       45%         3
 Teleport Other           Tloc           2%         N/A       45%         3
 Leda's Liquefaction      Hex/Erth       1%         N/A       86%         4
 Lee's Rapid Deconstruct  Erth           1%         3d4*      99%         5
 Statue Form              Tmut/Erth      1%         N/A       100%        6


Dungeon Overview and Level Annotations

Branches:
Dungeon (3/15)

Altars:
Dithmenos
Qazlal

Annotations:
D:3 1 runed translucent door, AverageBear's ghost, amateur OpFi


Innate Abilities, Weirdness & Mutations

You have a beak for a mouth.
You have claws for feet.
Your magical nature lets you fly swiftly and evasively.


Message History

Your quokka bites the orc.
The orc dies!
Your quokka bites the orc priest.
Your quokka barely misses the orc priest. x2
The orc priest calls down the wrath of Beogh upon you.
Beogh smites you!
Your crimson imp barely misses the orc priest.
Your quokka misses the orc priest.
Your quokka barely misses the orc priest.
The orc priest barely misses your crimson imp.
Your crimson imp hits the orc priest but does no damage.
Your quokka barely misses the orc priest.
Your quokka bites the orc priest.
The orc priest hits your crimson imp with a +4 short sword.
Your quokka bites the orc priest.
Your crimson imp blinks!
Your quokka barely misses the orc priest.
Something barely misses your quokka.
The orc priest mumbles some strange prayers to Beogh against you.
Beogh smites you!
* * * LOW HITPOINT WARNING * * *
Casting: Call Imp (safe; 1% risk of failure)
Confirm with . or Enter, or press ? or * to list all spells.
A beastly little devil appears in a puff of flame.
Your quokka disappears in a puff of smoke!
Your crimson imp disappears in a puff of smoke!
Your quokka bites the orc priest.
Your quokka barely misses the orc priest.
Something hits your quokka.
The orc priest hits your quokka with a +4 short sword!
Your quokka dies!
Your quokka's corpse disappears in a puff of smoke!
The orc priest shouts!
Unknown command.
Casting: Call Imp (safe; 1% risk of failure)
Confirm with . or Enter, or press ? or * to list all spells.
The orc shouts!
The orc priest invokes the aid of Beogh against you.
Beogh smites you!
You die...

### ### #.# ### #####.#
#.# #.######.....# #.#
#............# #.#
..####.####..###.#######
#.##.....##.............
..#.......#..###@.......
#.#.......#...r.........
......_.........>5......
#.#.......#..##.........
#.#.......#.........##..
#.##.....##...#.)##.# .
#.# ##.## #...#..# .#
... ... ...o...o. ..
##... #.... ..


You could see an orc priest (ally target), an orc, a friendly crimson imp
(summoned) and a friendly rat (summoned).

Vanquished Creatures
  An adder (D:3)
  A worm (D:3)
  4 ball pythons
  3 bats
  8 endoplasms
  A giant cockroach (D:2)
  2 goblins
  5 hobgoblins
  A jackal (D:3)
  6 kobolds
  2 frilled lizards (D:1)
  4 rats
38 creatures vanquished.

Vanquished Creatures (collateral kills)
  2 jellies (D:3)
  5 adders
  3 gnolls (D:2)
  2 worms (D:2)
  An orc (D:3)
  4 bats (D:2)
  5 endoplasms
  3 giant cockroaches
  5 goblins
  8 hobgoblins
  3 jackals (D:3)
  6 kobolds
  2 quokkas (D:2)
  2 frilled lizards (D:1)
  A rat (D:3)
52 creatures vanquished.

Vanquished Creatures (others)
  11 fungi (D:3)
  9 toadstools (D:3)
20 creatures vanquished.

Grand Total: 110 creatures vanquished

Notes
Turn   | Place    | Note
-------+----------+-------------------------------------------
     0 | D:1      | Lobster4 the Tengu Summoner began the quest for the Orb.
     0 | D:1      | Reached XP level 1. HP: 10/10 MP: 4/4
   202 | D:1      | Reached skill level 5 in Summonings
   263 | D:1      | Reached XP level 2. HP: 15/15 MP: 3/6
   266 | D:1      | Learned a level 2 spell: Call Imp
   964 | D:1      | Reached XP level 3. HP: 20/20 MP: 7/7
  1046 | D:2      | Reached skill level 1 in Armour
  1669 | D:2      | Reached skill level 1 in Fighting
  1677 | D:2      | Reached XP level 4. HP: 16/25 MP: 0/8
  1683 | D:2      | Reached skill level 1 in Short Blades
  2466 | D:2      | Gained mutation: Your magical nature lets you fly swiftly
                  | and evasively. [Tengu growth]
  2466 | D:2      | Reached XP level 5. HP: 12/29 MP: 5/9
  3298 | D:3      | Found a runed translucent door.
  3303 | D:3      | Noticed AverageBear's ghost (amateur OpFi)
  3361 | D:3      | Found a stormy altar of Qazlal.
  3497 | D:3      | Reached skill level 6 in Summonings
  3729 | D:3      | Reached XP level 6. HP: 34/35 MP: 3/11
  4140 | D:3      | Found a shadowy altar of Dithmenos.
  4174 | D:3      | Killed from afar by an orc priest

Illustrated notes

Levels and vault maps discovered:
D:1:      dpeg_arrival_tiny_b, layout_loops_corners, minmay_misc_feat_plants
D:2:      minmay_inner_zag, layout_loops_ring, grunt_decor_junction,
          corexii_shack, minmay_misc_feat_cross, minmay_door_square,
          dreamdust_princess_bridge, minmay_divided_ellipse
D:3:      cheibrodos_fertilizer, layout_basic, mainiacjoe_overflow_chevrons,
          old_standard_altar, hellmonk_ghost_happy_afterlife

Skill      XL: |  1  2  3  4  5 |
---------------+----------------+-----
Summonings     | 5 6 |  6.3
Armour         | 1 2 |  2.1
Fighting       | 1 |  1.8
Short Blades   | 1 |  1.9
Dodging        | 3 |  3.2
Stealth        | |  2.0
Spellcasting   | |  2.7

Action                     |  1- 3 |  4- 6 || total
---------------------------+-------+-------++-------
  Melee: Dagger            |    26 |       ||    26
         Unarmed           |     1 |       ||     1
         Kick              |     8 |    12 ||    20
         Peck              |     4 |     8 ||    12
         Short sword       |     1 |    58 ||    59
         Punch             |       |     1 ||     1
  Throw: Boomerang         |       |     7 ||     7
   Cast: Summon Small Mamm |    45 |    76 ||   121
         Call Imp          |     9 |    29 ||    38
    Use: Scroll            |       |     6 ||     6
   Stab: Sleeping          |     5 |     2 ||     7
         Distracted        |       |     1 ||     1
 Armour: Robe              |     6 |    15 ||    21
  Dodge: Dodged            |    30 |    50 ||    80

Table legend: (Time is in decaauts)
 A = Elapsed time spent in this place.
 B = Non-inter-level travel time spent in this place.
 C = Inter-level travel time spent in this place.
 D = Time resting spent in this place.
 E = Time spent auto-exploring this place.
 F = Levels seen in this place.
 G = Mean time per level.
                   A        B        C        D        E       F      G
               +--------+--------+--------+--------+--------+-----+--------+
         Total |   4075 |   4010 |     65 |    210 |   2709 |   3 | 1358.3 |
       Dungeon |   4075 |   4010 |     65 |    210 |   2709 |   3 | 1358.3 |
               +--------+--------+--------+--------+--------+-----+--------+

Top non-repeatable levels by time:
     D:2: 1995 daAuts
     D:3: 1045 daAuts
     D:1: 1034 daAuts
